 Dungeon Crawl Stone Soup version 0.27-a0-40-g5f2be0e231 (webtiles) character file.

Game seed: 5970837121580980183

723 wakim the Changer (level 7, -10/54 HPs)
             Began as a Merfolk Transmuter on Jan 5, 2021.
             Was an Initiate of Cheibriados.
             Mangled by an orc warrior
             ... wielding a +0 great sword
              (14 damage)
             ... on level 5 of the Dungeon.
             The game lasted 00:19:58 (4426 turns).

wakim the Changer (Merfolk Transmuter)              Turns: 4426, Time: 00:19:59

Health: -10/54     AC:  9    Str: 11    XL:     7   Next: 71%
Magic:  10/10      EV: 12    Int: 16    God:    Cheibriados [......]
Gold:   272        SH:  7    Dex: 15    Spells: 7/10 levels left

rFire    + . .     SeeInvis .   a - +4 short sword
rCold    . . .     Faith    .   i - +0 kite shield
rNeg     . . .     Spirit   .   B - +2 leather armour {rF+}
rPois    .         Reflect  .   z - +0 helmet
rElec    .         Harm     .   x - +1 cloak
rCorr    .         Rampage  .   (no gloves)
Will     .....                  c - +0 pair of boots
Stlth    +.........             t - amulet of the acrobat
HPRegen  0.18/turn              (no ring)
MPRegen  0.12/turn              (no ring)

@: very slow
A: change form in water, swift swim, stealthy swim
a: Renounce Religion, Bend Time


You were on level 5 of the Dungeon.
You worshipped Cheibriados.
Cheibriados was noncommittal.
You visited 2 branches of the dungeon, and saw 6 of its levels.

You collected 272 gold pieces.

Inventory:

Hand Weapons
 a - a +4 short sword (weapon)
Armour
 c - a +0 pair of boots (worn)
 h - a +0 robe
 i - a +0 kite shield (worn)
 x - a +1 cloak (worn)
 z - a +0 helmet (worn)
 B - a +2 leather armour of fire resistance (worn)
Jewellery
 p - an uncursed ring of ice
 q - an uncursed ring of fire
 t - an amulet of the acrobat (around neck)
 y - an uncursed ring of fire
Wands
 e - a wand of random effects (14)
 j - a wand of enslavement (6)
 w - a wand of flame (16)
 A - a wand of digging (4)
Scrolls
 d - 2 scrolls of remove curse
 g - 3 scrolls of identify
 m - a scroll of fog
 n - a scroll of blinking
Potions
 b - 4 potions of curing
 f - a potion of invisibility {unknown}
 k - a potion of ambrosia {unknown}
 l - 2 potions of heal wounds {unknown}
 o - 2 potions of cancellation {unknown}
 r - a potion of brilliance {unknown}
 u - a potion of mutation {unknown}
 v - 2 potions of berserk rage {unknown}


   Skills:
 + Level 4.0 Fighting
 + Level 5.4 Dodging
 + Level 5.2 Unarmed Combat
 - Level 2.0 Spellcasting
 * Level 7.3 Transmutations


You had 7 spell levels left.
You knew the following spells:

 Your Spells              Type           Power        Failure   Level
a - Beastly Appendage     Tmut           50%          10%         1
b - Wereblood             Tmut           25%          14%         2

Your spell library contained the following spells:

 Spells                   Type           Power        Failure   Level
 Spider Form              Tmut/Pois      6%           78%         3
 Blade Hands              Tmut           12%          95%         5
 Ice Form                 Ice/Tmut       13%          99%         4


Dungeon Overview and Level Annotations

Branches:
Dungeon (5/15)             Temple (1/1) D:5

Altars:
Cheibriados
Dithmenos
Fedhas
Gozag
Hepliaklqana
Nemelex Xobeh
Trog
Uskayaw
Xom
Zin
The Shining One
Lugonu

Shops:
D:4 !   D:5 }*

Annotations:
D:4 Dowan, Duvessa


Message History

The flow of time bends around you.
Cheibriados rebukes the orc warrior.
The orc warrior seems to slow down.
The orc warrior closely misses you.
The orc warrior is no longer moving slowly.
Found a scroll of teleportation. 3 gnolls come into view.
A gnoll is wielding a +2 vorpal halberd.
The gnoll shouts!
Found 16 gold pieces.
The gnoll shouts!
The gnoll throws a throwing net.
The throwing net hits you.
You become entangled in the net!
You see here a throwing net.
You struggle against the net.
You tear a large gash into the net.
The orc warrior hits you with a +0 great sword!
* * * LOW HITPOINT WARNING * * *
You rip the net and break free!
The orc warrior hits you with a +0 great sword!
You die...

#$ #.# ###.).. +## #.
#.## #..... z.z.# ....##.
##..####...# .. ...!#
..$.#.. #....##....# ...
##...
.......##..........###...
)#...
.......#.................
##...
......g#...............#
. ...
##..goz.............## .
.. #...g@...............#
.........................
.?.#.....................
.. #..#..................
. ..####.................
..# ##................ .#
###...............
#.................
#.###.............


You could see an orc warrior, a wight and 3 gnolls.

Vanquished Creatures
  Sigmund (D:5)
  2 scorpions (D:5)
  A wight (D:4)
  A howler monkey (D:5)
  A hound (D:5)
  2 orc priests
  A bullfrog skeleton (D:4)
  Crazy Yiuf (D:3)
  Jessica (D:3)
  Ijyb (D:5)
  2 worker ants
  2 hound skeletons
  A gnoll (D:5)
  3 adders
  2 oozes
  A worm (D:3)
  5 leopard geckos
  5 orcs
  8 bats
  4 giant cockroaches
  5 goblins
  3 hobgoblins
  9 jackals
  A quokka (D:4)
  2 frilled lizards
  10 kobolds
  6 rats
81 creatures vanquished.

Notes
Turn   | Place    | Note
-------+----------+-------------------------------------------
     0 | D:1      | wakim the Merfolk Transmuter began the quest for the Orb.
     0 | D:1      | Reached XP level 1. HP: 15/15 MP: 3/3
   505 | D:1      | Reached skill level 3 in Transmutations
   506 | D:1      | Reached XP level 2. HP: 16/21 MP: 3/5
   863 | D:1      | You fall into a shaft and drop 1 floor!
  1026 | D:2      | Found a glowing silver altar of Zin.
  1117 | D:2      | Reached XP level 3. HP: 26/26 MP: 3/6
  1363 | D:2      | Found a shadowy altar of Dithmenos.
  2006 | D:3      | Reached skill level 4 in Transmutations
  2067 | D:3      | Reached XP level 4. HP: 30/33 MP: 7/7
  2133 | D:3      | Noticed Jessica
  2137 | D:3      | Killed Jessica
  2346 | D:3      | Found a runed translucent door.
  2347 | D:3      | Noticed Crazy Yiuf
  2357 | D:3      | Killed Crazy Yiuf
  2358 | D:3      | Reached XP level 5. HP: 15/39 MP: 6/8
  2784 | D:3      | Found a hide-covered altar of Uskayaw.
  2901 | D:4      | Found Oziveor's Distillery.
  2915 | D:3      | Reached skill level 5 in Transmutations
  3229 | D:4      | Noticed Duvessa
  3229 | D:4      | Noticed Dowan
  3417 | D:4      | Found a bloodstained altar of Trog.
  3440 | D:4      | Noticed a phantom
  3467 | D:4      | You fall into a shaft and drop 1 floor!
  3467 | D:5      | Entered Level 5 of the Dungeon
  3478 | D:5      | Found Taogid's Gadget Shoppe.
  3494 | D:5      | Reached XP level 6. HP: 36/46 MP: 7/9
  3497 | D:5      | Learned a level 2 spell: Wereblood
  3512 | D:5      | Found Gimit's General Store.
  3808 | D:5      | Noticed Sigmund
  3831 | D:5      | Killed Sigmund
  3832 | D:5      | Reached skill level 6 in Transmutations
  3832 | D:5      | Reached XP level 7. HP: 31/52 MP: 10/10
  4004 | D:5      | Found a staircase to the Ecumenical Temple.
  4013 | D:5      | Reached skill level 5 in Dodging
  4024 | D:5      | Noticed Ijyb
  4024 | Temple   | Entered the Ecumenical Temple
  4119 | Temple   | Became a worshipper of Cheibriados the Contemplative
  4160 | D:5      | Killed Ijyb
  4167 | D:5      | Reached skill level 5 in Unarmed Combat
  4225 | D:4      | Reached skill level 7 in Transmutations
  4426 | D:5      | Mangled by an orc warrior

Illustrated notes

Levels and vault maps discovered:
D:1:      eino_arrival_tree_alley, layout_rooms, chequers_decorated_corner
D:2:      layout_loops_corners, general_overflow_altar,
          nicolae_dithmenos_through_a_glass_darkly
D:3:      layout_loops_ring, lemuel_crystal_altar, uniq_jessica,
          uniq_crazy_yiuf_cottage
D:4:      layout_loops_cross, nicolae_overflow_hidden_temple, serial_shops,
          shop, lemuel_tele_altar, uniq_duvessa
D:5:      layout_cave_pods, nicolae_overflow_crystal_walls, temple_green,
          serial_shops, shop, shop_statue, serial_gnoll_camp,
          gnoll_camp_medium_02, gnoll_camp_mini_sergeant, gnoll_camp_mini_hut,
          gnoll_camp_mini_house, ebering_ghost_inner_flame, sword_in_stone,
          uniq_ijyb, uniq_sigmund
Temple:   kb_corrupted_temple

Skill      XL: |  1  2  3  4  5  6  7 |
---------------+----------------------+-----
Transmutations | 3 4 5 6 7 |  7.3
Dodging        | 3 4 5 |  5.4
Fighting       | 2 3 4 |  4.0
Unarmed Combat | 4 5 |  5.2
Spellcasting   | |  2.0

Action                   |  1- 3 |  4- 6 |  7- 9 || total
-------------------------+-------+-------+-------++-------
Melee: Unarmed           |    42 |       |       ||    42
       Headbutt          |    10 |    15 |     2 ||    27
       Short sword       |    76 |   102 |    79 ||   257
       Punch             |       |     2 |       ||     2
 Cast: Beastly Appendage |    26 |    20 |     2 ||    48
       Wereblood         |       |     1 |       ||     1
Invok: Bend Time         |       |       |     1 ||     1
  Use: Scroll            |       |     8 |       ||     8
Armor: Robe              |    17 |       |       ||    17
       Ring mail         |    14 |       |       ||    14
       Leather armour    |       |    16 |    17 ||    33
Dodge: Dodged            |    81 |    85 |    66 ||   232
Block: Kite shield       |       |       |    19 ||    19

Table legend: (Time is in decaauts)
 A = Elapsed time spent in this place.
 B = Non-inter-level travel time spent in this place.
 C = Inter-level travel time spent in this place.
 D = Time resting spent in this place.
 E = Time spent auto-exploring this place.
 F = Levels seen in this place.
 G = Mean time per level.
                   A        B        C        D        E       F      G
               +--------+--------+--------+--------+--------+-----+--------+
         Total |   4483 |   4349 |    134 |    565 |   2597 |   6 |  747.2 |
       Dungeon |   4368 |   4251 |    117 |    565 |   2508 |   5 |  873.6 |
        Temple |    115 |     98 |     17 |      0 |     89 |   1 |  115.0 |
               +--------+--------+--------+--------+--------+-----+--------+

Top non-repeatable levels by time:
     D:3: 1413 daAuts
     D:2: 989 daAuts
     D:1: 859 daAuts
     D:5: 706 daAuts
     D:4: 398 daAuts
  Temple: 115 daAuts
